 Dungeon Crawl Stone Soup version 0.29.1-2-gbd0b4ee654 (webtiles) character file.

Game seed: 14511966119588595351

94 LordTooTall the Grave Robber (level 4, -2/35 HPs)
             Began as a Ghoul Necromancer on Nov 2, 2022.
             Killed from afar by an orc wizard (5 damage)
             ... with a puff of flame
             ... on level 3 of the Dungeon on Nov 4, 2022.
             The game lasted 00:55:12 (3334 turns).

LordTooTall the Grave Robber (Ghoul Necromancer)    Turns: 3334, Time: 00:55:12

Health: -2/35      AC:  4    Str: 11    XL:     4   Next: 63%
Magic:  2/6        EV: 12    Int: 12    God:
Gold:   145        SH:  0    Dex:  9    Spells: 2/7 levels left

rFire   . . .      SeeInvis +     - Unarmed
rCold   + . .      Faith    .   (no shield)
rNeg    + + +      Spirit   .   a - +1 robe
rPois   ∞          Reflect  .   (no helmet)
rElec   .          Harm     .   (no cloak)
rCorr   .          Rampage  .   (no gloves)
Will    .....                   n - +0 pair of boots
Stlth   ++........              (no amulet)
HPRegen 0.00/turn               d - ring of see invisible
MPRegen 0.10/turn               (no ring)

@: inhibited regen, invisible
A: claws 1, cold resistance 1, negative energy resistance 3, inhibited
regeneration, torment resistance 2, devour on kill
a: no special abilities


You were on level 3 of the Dungeon.
You visited 1 branch of the dungeon, and saw 3 of its levels.

You collected 145 gold pieces.

Inventory:

Armour
 a - a +1 robe (worn)
 n - a +0 pair of boots (worn)
Jewellery
 d - a ring of see invisible (left claw)
Scrolls
 c - a scroll of teleportation {unknown}
Potions
 f - a potion of attraction
 h - a potion of flight
 j - 2 potions of brilliance


   Skills:
 + Level 1.4 Fighting
 - Level 2.0 Dodging
 - Level 2.4 Stealth
 - Level 1.5 Unarmed Combat
 + Level 2.3 Spellcasting
 * Level 4.8 Necromancy


You had 2 spell levels left.
You knew the following spells:

 Your Spells              Type           Power      Damage    Failure   Level
a - Necrotise             Necr           48%        1d6       3%          1
b - Animate Dead          Necr           12%        N/A       36%         4

Your spell library contained the following spells:

 Spells                   Type           Power      Damage    Failure   Level
 Shock                    Conj/Air       4%         1d3       26%         1
 Vampiric Draining        Necr           12%        2d6       11%         3
 Swiftness                Air            1%         N/A       61%         3
 Agony                    Necr           12%        N/A       71%         5
 Airstrike                Air            0%         2d(1-17)  95%         4


Dungeon Overview and Level Annotations

Branches:
Dungeon (3/15)

Altars:


Innate Abilities, Weirdness & Mutations

You are immune to poison.
You have sharp fingernails.
Your flesh is cold resistant. (rC+)
You are immune to negative energy. (rN+++)
You do not regenerate when monsters are visible.
You are immune to unholy pain and torment.
You thrive by killing the living.


Message History

The giant cockroach closely misses you.
You scratch the giant cockroach but do no damage.
The giant cockroach is moderately wounded.
The giant cockroach misses you.
You fade into invisibility!
The giant cockroach barely misses you.
Your reaping aura is weakening.
The orc is no longer berserk.
The orc throws a stone.
The stone hits the giant cockroach but does no damage.
The orc wizard casts a spell at the giant cockroach.
The puff of flame hits the orc!
The orc dies!
The dead are walking!
The giant cockroach barely misses you. x2
Your orc zombie hits the orc but does no damage.
You scratch the giant cockroach.
You kill the giant cockroach!
The dead are walking!
Your orc zombie hits the orc but does no damage.
The orc hits your giant cockroach zombie with a +0 club.
The orc wizard casts a spell at you.
Your giant cockroach zombie appears confused.
The orc hits your giant cockroach zombie with a +0 dagger.
Your orc zombie hits the orc but does no damage.
The orc wizard points at you and mumbles some strange words.
Your giant cockroach zombie appears confused.
Your giant cockroach zombie closely misses the orc.
The orc throws a stone.
The stone hits your giant cockroach zombie.
The adder bites your giant cockroach zombie.
Your giant cockroach zombie is destroyed!
Your orc zombie barely misses the orc.
Your reaping aura expires.
Press: ? - help, v - describe, . - travel
Here: an orc wizard, wielding a +0 dagger and wearing a +0 robe (slightly transparent, unable to see you)
The floor.
There are monsters nearby!
The orc wizard gestures at something while chanting.
The puff of flame hits you.
You die...

#.............#
#........
#.............#
#........
#.......#######
#........
#.......#
#........
#..(..Zo####
###........
#......o)..#
#.........#
#......S##o#
#.#########
##......<#.#
#.# #########@#
#.# #.# #.# #.#
#.# #.######.#
# #........# #
########## #


You could see an orc wizard (invisible, unable to see you).

Vanquished Creatures
  Natasha (D:3)
  2 adders
  A worm (D:3)
  3 dart slugs (D:1)
  5 endoplasms
  A giant cockroach (D:3)
  3 goblins
  3 hobgoblins
  2 jackals (D:2)
  2 quokkas (D:1)
  5 bats
  2 frilled lizards (D:1)
  3 kobolds
  7 rats
40 creatures vanquished.

Vanquished Creatures (collateral kills)
  An endoplasm (D:1)
  A ball python (D:1)
2 creatures vanquished.

Vanquished Creatures (others)
  An orc (D:3)
  A giant cockroach zombie (D:3)
2 creatures vanquished.

Grand Total: 44 creatures vanquished

Notes
Turn   | Place    | Note
-------+----------+-------------------------------------------
     0 | D:1      | LordTooTall the Ghoul Necromancer began the quest for the
                  | Orb.
     0 | D:1      | Reached XP level 1. HP: 14/14 MP: 2/2
   517 | D:1      | Reached XP level 2. HP: 20/20 MP: 0/3
   759 | D:1      | You fall into a shaft and drop 1 floor!
   759 | D:2      | Found a faded altar of an unknown god.
   876 | D:1      | Reached XP level 3. HP: 27/27 MP: 1/5
  1348 | D:2      | Reached skill level 1 in Unarmed Combat
  1712 | D:2      | Reached skill level 1 in Fighting
  2237 | D:2      | Identified the +12 dagger of Outrage {holy, Dex+5 Stlth+}
  2738 | D:3      | Noticed Natasha
  2745 | D:3      | Killed Natasha
  2746 | D:3      | Reached XP level 4. HP: 13/35 MP: 0/6
  2974 | D:3      | Learned a level 4 spell: Animate Dead
  3334 | D:3      | Killed from afar by an orc wizard

Illustrated notes

Levels and vault maps discovered:
D:1:      dpeg_arrival_court, layout_rooms
D:2:      layout_loops_ring, nicolae_ecumenical_lake_church, roderic_lattice_a
D:3:      layout_basic, uniq_natasha

Skill      XL: |  1  2  3 |
---------------+----------+-----
Dodging        | 2 |  2.0
Spellcasting   | 2 |  2.3
Unarmed Combat | 1 |  1.5
Fighting       | 1 |  1.4
Stealth        | |  2.4
Necromancy     | |  4.8

Action                   |  1- 3 |  4- 6 || total
-------------------------+-------+-------++-------
Melee: Unarmed           |    59 |    15 ||    74
 Cast: Necrotise         |    70 |    13 ||    83
       Animate Dead      |       |     2 ||     2
  Use: Scroll            |       |    10 ||    10
       Potion            |       |     2 ||     2
Armor: Robe              |    12 |     7 ||    19
Dodge: Dodged            |    38 |    37 ||    75
